[Event "ITT 1st Parada Jamundi 2022"]
[Site "Jamundi Valle"]
[Date "2022.12.07"]
[Round "4.5"]
[White "Malka, Samuel"]
[Black "Cori Quispe, Kevin Joel"]
[Result "0-1"]
[ECO "E11"]
[WhiteElo "2265"]
[BlackElo "2469"]
[Annotator "TA"]
[PlyCount "80"]
[EventDate "2022.12.05"]
[EventType "swiss"]
[EventCountry "COL"]
[SourceTitle "playchess.com"]
[Source "ChessBase"]
[SourceQuality "1"]
[TimeControl "5400+30"]

1. d4 Nf6 2. c4 e6 3. Nf3 Bb4+ 4. Nbd2 O-O 5. a3 Be7 6. e4 d6 {[%emt 0:00:31][%cal Oe6e5] E11: Bogo-Indian.} (6... d5 $5 ) 7. Be2 Nfd7 {[%emt 0:05:00] seems to push 7...Nbd7 aside.} 8. b4 e5 {[%emt 0:00:05] The position is equal.} 9. d5 c6 10. O-O cxd5 11. cxd5 Nb6 {[%emt 0:00:10] [#]} 12. a4 $146 ({Predecessor:} 12. Nb3 f5 13. Na5 fxe4 14. Nd2 Bf5 15. Nxb7 Qc8 16. Na5 Nxd5 17. Bc4 Be6 18. Qb3 {½-½ (48) Cramling,P (2443)-Koneru,H (2577) Monte Carlo 2019}) 12... a5 13. b5 f5 14. exf5 (14. h3 $14) 14... Bxf5 $11 15. Ne1 N8d7 (15... Nxd5 $2 16. Bc4 $18) 16. Nc4 Nxc4 17. Bxc4 Rc8 18. Qe2 (18. Bd3 $1 $15) 18... Bf6 19. Be3 Qe8 20. Rc1 Qg6 21. Qd2 Nc5 22. Qxa5 Bg5 {[%emt 0:00:35] White must now prevent ...Bxe3.} 23. Bxg5 Qxg5 24. f4 exf4 {[%emt 0:00:43] Threatens to win with ...Bg4. Black has more active pieces.} 25. Nf3 Qf6 (25... Qg6 $5 ) 26. Qd2 g5 {[%emt 0:03:58][%cal Bg7g5,Bg5g4][%mdl 32] ...g4 is the strong threat.} 27. a5 $2 {[%emt 0:02:32] [#]} ({White should play} 27. Qd4 $15) 27... g4 $1 $19 28. Nd4 {[%emt 0:04:16] [#]} Bd3 $1 29. Ne2 (29. Ne6 Bxf1) 29... Bxe2 30. Qxe2 h5 (30... f3 $19 31. Qc2 Qf4) 31. a6 bxa6 32. bxa6 f3 $1 $36 {[%emt 0:08:55][%mdl 2048] Black has the initiative.} 33. Qf2 (33. Qc2 $15) 33... Ne4 34. Qe3 Rce8 {[%emt 0:00:09] aiming for ...f2+.} 35. Rce1 (35. a7 $142 Ng3 36. Qf2 Nxf1 37. Rxf1) 35... f2+ 36. Rxf2 Nxf2 37. Qxe8 Rxe8 38. Rxe8+ Kf7 {[%emt 0:01:13][%cal Of6d4] ( -> ...Qd4!)} 39. a7 Qa1+ (39... Kxe8 $2 40. a8=Q+ (40. a8=B {gets mated.} Qd4 41. h4 g3 42. Bb5+ Ke7 43. Bf1 Nh3+ 44. Kh1 Qg1#) 40... Kf7 41. Qa7+ Kg6 42. Qxf2 $18) 40. Kxf2 Kxe8 {[%emt 0:00:08] Weighted Error Value: White=0.81/Black=0.34} 0-1

[Event "ITT 1st Parada Jamundi 2022"]
[Site "Jamundi Valle"]
[Date "2022.12.07"]
[Round "4.6"]
[White "Larino Nieto, David"]
[Black "Mora Munoz, Alejandro"]
[Result "0-1"]
[ECO "B53"]
[WhiteElo "2466"]
[BlackElo "1959"]
[Annotator "TA"]
[PlyCount "116"]
[EventDate "2022.12.05"]
[EventType "swiss"]
[EventCountry "COL"]
[SourceTitle "playchess.com"]
[Source "ChessBase"]
[SourceQuality "1"]
[TimeControl "5400+30"]

1. e4 c5 2. Nf3 d6 3. d4 cxd4 4. Qxd4 Nc6 5. Bb5 Bd7 6. Bxc6 Bxc6 7. Nc3 Nf6 8. Bg5 e6 9. O-O-O Be7 10. Rhe1 Qa5 11. Kb1 O-O 12. Qd2 Qb6 13. Nd4 {[%emt 0:01:08] B53: Sicilian: 2...d6: Lines with Qxd4.} Rfd8 14. f3 {[%emt 0:00:53] [#]} Rd7 $146 ({Predecessor:} 14... Be8 15. g4 Rac8 16. h4 a6 17. Nce2 Qc7 18. Ng3 b5 19. Rg1 Kf8 20. Nh5 Ng8 {1-0 (63) Gavrilescu,D (2470)-Acs,P (2565) Tornelo INT 2021}) 15. h4 {[%emt 0:00:20][%cal Bh2h4,Bh4h5][%mdl 32] White is slightly better.} a6 16. g4 Qc7 17. Nce2 Ne8 18. Ng3 Bf8 19. h5 e5 {[%emt 0:02:46] Against h6} 20. Nxc6 bxc6 21. f4 Qb6 22. fxe5 {[%emt 0:01:17] Black must now prevent Re3.} Rb7 23. b3 dxe5 24. Nf5 (24. Be3 $5 Qb4 25. Qxb4 Bxb4 26. Rf1 $14) 24... a5 25. Be3 {[%emt 0:03:17] Prevents a4.} (25. Re3 $11) 25... Qb4 (25... c5 $1 $15) 26. g5 a4 (26... Qxe4 $142 27. Qd3 Qxd3 28. Rxd3 a4) 27. Qxb4 $11 Rxb4 28. Bd2 Rb6 29. Bc3 axb3 30. cxb3 f6 31. Rd7 ({Better is} 31. Rg1 $16) 31... c5 ({Black should try} 31... fxg5 $11 32. Ne7+ (32. Bxe5 c5 $11) 32... Bxe7 33. Rxe7 h6) 32. Ne3 (32. Ne7+ $14 Bxe7 33. Rxe7) 32... fxg5 33. Bxe5 Nf6 34. Bxf6 Rxf6 35. e5 Rf2 36. a4 $36 {[%emt 0:00:13][%cal Ba2a4,Ba4a5][%mdl 2080] White fights for an advantage.} Rb8 37. Rd3 Re8 {[%emt 0:04:03] Prevents e6.} (37... Rf4 $11 {remains equal.} 38. Nd5 c4 39. Nxf4 cxd3 40. Nxd3 Rxb3+ 41. Kc2 Ra3) 38. Nc4 $16 Kf7 (38... Rh2 $142) 39. a5 Ke6 {[%emt 0:00:59] [#]} 40. Rd6+ $1 Bxd6 $14 41. exd6+ {[%emt 0:00:01][%mdl 4096] Endgame KRR-KRN} Kf7 42. Rd1 (42. Ne5+ $16 Kg8 43. d7) 42... Rb8 $2 {[%emt 0:00:47] [#]} ({Black should play} 42... g4 $11 43. d7 Rd8 44. Nd6+ (44. Ne5+ $2 Ke6 $19) 44... Ke7) 43. Rd3 $2 (43. d7 $1 $16 Rd8 44. a6) 43... Re8 {[%emt 0:00:05] ( -> ...Re1+)} (43... Ke6 {seems wilder.} 44. a6 Rff8 45. Re3+ Kd5) 44. Rd1 {[%emt 0:00:32] Inhibits Re1. Hoping for a6.} Rb8 $2 {[%emt 0:00:01] [#]} (44... g4 $11 45. d7 Rd8 46. Nd6+ (46. Ne5+ $2 Ke6 $19) 46... Ke7) 45. Nb6 $2 (45. d7 $1 $18 Rd8 46. a6) 45... Rf4 {[%emt 0:01:17] Prevents a6.} (45... g4 {is interesting.} 46. Rg1 Rf3 47. d7 g3) 46. Kc2 (46. d7 $5 Rd8 $8 47. Kc2 $11) 46... Rd4 {[%emt 0:00:16] Strongly threatening ...Rxd1.} (46... g4 {keeps more tension.} 47. d7 Rd8 48. Kc3 Rd4) 47. Rf1+ Ke6 48. Re1+ $2 (48. Nc4 $1 $11 {and White has nothing to worry.}) 48... Kxd6 $19 {[%emt 0:00:11] Threatens to win with ...Rh4.} 49. Rf1 $2 (49. Nc4+ Kc6 50. Re6+ Kd7 51. Re5) 49... Ke6 50. Re1+ Kf6 {[%emt 0:00:00] aiming for ...g4.} 51. Rf1+ Ke6 52. Re1+ Kd6 (52... Kf5 $142 53. Re7 Rh4 54. Rxg7 Rxh5) 53. Rf1 $1 Rf4 {[%emt 0:00:07] Against Rf5. Black is clearly winning.} 54. Rd1+ Kc6 55. Nd7 Ra8 56. Ne5+ Kb5 57. Nc4 Rf2+ 58. Kc3 Raf8 {[%emt 0:00:22] What a bad dream for White.   Weighted Error Value: White=0.51/Black=0.53} 0-1

[Event "ITT 1st Parada Jamundi 2022"]
[Site "Jamundi Valle"]
[Date "2022.12.07"]
[Round "4.7"]
[White "Paredes Lagos, Anthony Javier"]
[Black "Aguero Jimenez, Luis Lazaro"]
[Result "1-0"]
[ECO "B12"]
[WhiteElo "2230"]
[BlackElo "2465"]
[Annotator "TA"]
[PlyCount "116"]
[EventDate "2022.12.05"]
[EventType "swiss"]
[EventCountry "COL"]
[SourceTitle "playchess.com"]
[Source "ChessBase"]
[SourceQuality "1"]
[TimeControl "5400+30"]

1. e4 c6 2. d4 d5 3. e5 Bf5 4. h4 Qb6 5. g4 Bd7 (5... Be4 $2 6. f3 Bxc2 7. Qxc2 $18) 6. c3 {[%emt 0:08:02] Against h5. B12: Caro-Kann: Advance Variation.} e6 {[%emt 0:00:08] [#]} 7. Nd2 $146 ({Predecessor:} 7. Bd3 h5 8. gxh5 c5 9. Ne2 Nc6 10. Be3 c4 11. Bc2 Qxb2 12. Nd2 Qa3 13. Nf1 {0-1 (52) Karabalis,H (2252)-Kukhmazov,A (2472) Chess.com INT 2022}) 7... f6 (7... c5 $11 {keeps the balance.}) 8. f4 ({Better is} 8. exf6 $1 $16 {g5 is the strong threat.} Nxf6 9. g5) 8... c5 $11 9. Ndf3 Nc6 10. Ne2 Rc8 11. Kf2 Nh6 12. Bh3 Nf7 13. Kg3 Be7 14. Re1 O-O (14... cxd4 {is interesting.} 15. cxd4 fxe5 16. dxe5 O-O) 15. exf6 (15. g5 $14) 15... gxf6 16. dxc5 (16. g5 $11) 16... Bxc5 $15 17. Kg2 Kh8 $36 {[%emt 0:01:20][%mdl 2048] Black is pushing.} 18. Ng3 Nd6 19. Re2 {[%emt 0:00:09] Against e5. Strongly threatening b4.} a5 {[%emt 0:02:19][%cal Oe6e5] Prevents b4.} 20. b3 {[%emt 0:00:30] Against e5} (20. g5 $11 {remains equal.}) 20... Ne7 (20... e5 {is more complex.} 21. g5 e4 22. Nh2 Qc7) 21. Bb2 $2 (21. g5 $15) 21... Ng6 $19 22. Nh5 Be3 $2 {[%emt 0:04:57] Prevents c4.} (22... Qc7 $1 $19 23. c4 Ne4) 23. Nd4 $2 (23. g5 $11 {and White stays safe.}) 23... Bxf4 (23... Nxf4+ 24. Nxf4 Bxf4 25. Nxe6 Bxe6 26. Rxe6 $17) (23... Nxh4+ 24. Kg3 Bxd4 25. Qxd4 Qxd4 26. cxd4 $11) 24. Nxe6 Nxh4+ (24... Bxe6 $142 25. Rxe6 Be5) 25. Kh1 Bxe6 26. Nxf4 (26. Rxe6 {was worth a try.} Rfe8 27. Rxf6 (27. Nxf4 $2 Rxe6 28. Qg1 Qxg1+ 29. Rxg1 Re4 $19)) 26... Ne4 27. Qg1 {[%emt 0:01:16] [#] Inhibits Nf2+.} Qxg1+ ({Black should play} 27... Qc6 $1 $19 {[%cal Od5d4] aiming for ...d4!} 28. Qe3 Bd7) 28. Rxg1 $11 Rce8 29. c4 Nf3 30. Rgg2 Nfg5 {[%emt 0:00:59] Pair of Knights!} 31. cxd5 Bxd5 32. Nxd5 Nxh3 33. Rxe4 Rxe4 34. Nxf6 Rxf6 35. g5 {[%emt 0:00:53][%mdl 64] Pin} Kg8 {[%emt 0:00:58] ( -> ...Nf2+)} 36. gxf6+ {[%emt 0:00:11][%mdl 4096] Endgame KRB-KRN} Kf8 37. Rc2 Ng5 38. Kg2 Kf7 39. Rc7+ Kg6 {[%emt 0:00:31] White must now prevent ...Re2+.} 40. Rg7+ (40. Rxb7 $2 Re2+ 41. Kg3 Rxb2 $19) 40... Kf5 $2 {[%emt 0:00:00] [#]} (40... Kh5 $16) 41. f7 $1 $18 ({Worse is} 41. Rxb7 Re2+ 42. Kg3 Ne4+ 43. Kf3 Rxb2 $11) 41... Ne6 {[%emt 0:00:03] Against f8Q+} 42. f8=Q+ ({Weaker is} 42. Rxh7 Re2+ 43. Kg3 Rxb2 $11) 42... Nxf8 43. Rf7+ ({Inferior is} 43. Rxb7 Re2+ 44. Kf3 Rxb2 $15) 43... Kg4 44. Rxf8 {[%emt 0:00:02] KRB-KR} a4 45. Rg8+ Kf5 46. Kf3 {[%emt 0:00:16] Against Re2} Rh4 47. Rf8+ Ke6 48. Kg3 Rh1 (48... Rh5 49. bxa4 Rg5+ 50. Kf3 Rh5) 49. bxa4 {[%emt 0:00:41][%cal Bb3a4,Ba4a5][%mdl 32] White is clearly winning.} Rg1+ 50. Kf2 Rb1 (50... Rg4 $142 51. a5 Ra4) 51. Bc3 Rc1 52. Bd2 Rc2 53. Ke1 Rxa2 54. a5 {[%emt 0:00:04] Hoping for Rb8.} Rb2 55. Be3 (55. Rh8 $142 h6 56. Rxh6+ Kd5 57. Kd1) 55... Kd5 (55... Rb5 $142 56. Bb6 Rg5 57. Re8+ Kd6) 56. Rh8 Rh2 57. Rc8 Kd6 58. Bf4+ Kd5 {[%emt 0:01:08] White used his chance.   Weighted Error Value: White=0.41/Black=0.58} 1-0

[Event "ITT 1st Parada Jamundi 2022"]
[Site "Jamundi Valle"]
[Date "2022.12.07"]
[Round "4.8"]
[White "Rios, Cristhian Camilo"]
[Black "Mateus, Alejandro"]
[Result "1/2-1/2"]
[ECO "B53"]
[WhiteElo "2456"]
[BlackElo "2308"]
[Annotator "TA"]
[PlyCount "49"]
[EventDate "2022.12.05"]
[EventType "swiss"]
[EventCountry "COL"]
[SourceTitle "playchess.com"]
[Source "ChessBase"]
[SourceQuality "1"]
[TimeControl "5400+30"]

1. e4 c5 2. Nf3 d6 3. d4 cxd4 4. Qxd4 Nc6 5. Bb5 Bd7 6. Bxc6 Bxc6 7. Nc3 Nf6 8. Bg5 e6 9. O-O-O Be7 10. Bxf6 {[%emt 0:11:28] 10.Qd3 is setting a new trend. B53: Sicilian: 2...d6: Lines with Qxd4.} Bxf6 11. Qxd6 Qxd6 12. Rxd6 Bxc3 13. bxc3 Bxe4 14. Ne5 $1 Rc8 15. Rd4 Bc6 {[%emt 0:13:13] [#]} 16. Nxc6 $146 ({Predecessor:} 16. Rhd1 O-O 17. g3 b5 18. Nxc6 Rxc6 19. Rd7 Rxc3 20. Rxa7 Rfc8 21. Rd2 h5 22. Kd1 {½-½ (30) Bowcott Terry,F (2001)-Snape,I (2127) England 2021}) 16... Rxc6 $11 {[%emt 0:01:25][%mdl 4096] Endgame KRR-KRR} 17. Rhd1 {[%emt 0:01:10] [#] And now Rd8+ would win.} O-O $1 18. Rd7 Rxc3 19. Rxb7 Rfc8 20. Rd2 a6 21. Kb2 (21. Rb6 $5) 21... R3c6 {[%emt 0:01:51] The position is equal.} 22. Kb3 Rc3+ 23. Kb2 R3c6 {[%emt 0:00:07] Against Rb6} 24. Kb3 Rc3+ 25. Kb2 {[%emt 0:00:06] Weighted Error Value: White=0.02 (flawless) /Black=0.05 (flawless)} 1/2-1/2

[Event "ITT 1st Parada Jamundi 2022"]
[Site "Jamundi Valle"]
[Date "2022.12.07"]
[Round "4.9"]
[White "Zuluaga Mancilla, Cesar"]
[Black "Arango Arenas, Juan Camilo"]
[Result "1-0"]
[ECO "E61"]
[WhiteElo "2230"]
[BlackElo "2202"]
[Annotator "TA"]
[PlyCount "89"]
[EventDate "2022.12.05"]
[EventType "swiss"]
[EventCountry "COL"]
[SourceTitle "playchess.com"]
[Source "ChessBase"]
[SourceQuality "1"]
[TimeControl "5400+30"]

1. d4 g6 2. Nf3 Bg7 3. e3 Nf6 4. c4 c5 5. Nc3 O-O 6. d5 e6 {[%emt 0:00:24] E61: King's Indian: Early deviations for White, including Smyslov System.} 7. Be2 exd5 {[%emt 0:00:50] 7...d6 is the modern continuation.} 8. cxd5 (8. Nxd5 Nxd5 9. cxd5 (9. Qxd5 d6 $15) 9... d6 $11) 8... d6 {[%emt 0:00:23] White has an edge.} 9. O-O Na6 10. Re1 Nc7 11. a4 Rb8 12. e4 {[%emt 0:02:12] [#]} a6 $146 (12... Re8 $11) ({Predecessor:} 12... b6 13. Nd2 a6 14. f4 b5 15. axb5 axb5 16. Bf3 b4 17. Ne2 Ng4 18. Nc4 Nb5 {0-1 (30) Lindblom,R (1767)-Aulin Jansson,J (2198) Asker 2013}) 13. a5 {[%emt 0:02:44] White is more active.} ({White should play} 13. Bf4 $14) 13... b5 14. axb6 $1 Rxb6 15. Nd2 Nb5 16. Na4 Rb8 17. h3 Re8 18. Bd3 Nd7 19. Nc4 Ne5 20. Bf4 Nxc4 (20... Nd4 {feels hotter.} 21. Bxe5 Bxe5 22. Bf1 Bd7) 21. Bxc4 Be5 22. Bxe5 Rxe5 23. f4 Rh5 24. Qd3 (24. Bxb5 {simplifies} axb5 25. Nc3 Rh4 26. Qf3) 24... Qh4 25. Rf1 Nd4 26. b3 (26. Bxa6 Bd7 $15) 26... g5 $1 27. f5 g4 28. Rf4 $36 {[%emt 0:07:44][%mdl 2048] Black is under pressure.} Nf3+ 29. Rxf3 $1 gxf3 30. Qxf3 Rxf5 $2 {[%emt 0:01:38][%mdl 8192] Black is now going downhill.} 31. exf5 $18 {[%emt 0:00:44] White is clearly winning.} Qd4+ 32. Kh2 {[%emt 0:00:09] [#] Strongly threatening Qg3+.} Qxa1 33. Qg3+ Qg7 {[%emt 0:06:41] Hoping for ...Qxg3+.} 34. Qxd6 Rb7 (34... Rb4 $142 35. Nxc5 (35. Bxa6 Bxa6 36. Qd8+ Qf8 $11) (35. Qxc5 Qe5+ 36. Kh1 Qe1+ 37. Kh2 Qe5+ 38. Kh1 Qe1+ 39. Kh2 Qe5+ $11) 35... Qf8) 35. Nxc5 (35. Qxa6 Qe5+ 36. Kh1 Rb8 $15) 35... Ra7 36. Qb8 (36. Bxa6 Bxa6 37. Qb8+ (37. Nxa6 Rd7 $11) 37... Bc8 $11) 36... Qd4 37. Qxc8+ Kg7 38. f6+ ({And not} 38. Nxa6 Qf4+ 39. g3 (39. Kh1 Qc1+ 40. Kh2 Qf4+ 41. g3 Qf2+ 42. Kh1 Qf3+ 43. Kh2 Qf2+ 44. Kh1 Qf3+ 45. Kh2 Qf2+ $11) 39... Qf2+ 40. Kh1 Qf3+ 41. Kh2 Qf2+ 42. Kh1 Qf3+ 43. Kh2 Qf2+ $11) 38... Qxf6 39. Qg4+ ({Stronger than} 39. Bxa6 Qf4+ 40. g3 (40. Kh1 Rc7 $17) 40... Qf2+ 41. Kh1 Qf3+ 42. Kh2 Qf2+ 43. Kh1 Qf3+ 44. Kh2 Qf2+ $11) 39... Kh8 40. Ne4 Qe5+ 41. Qg3 Qxg3+ 42. Kxg3 Kg7 43. Kf4 a5 44. Nc5 {[%emt 0:00:33] [#] Black must now prevent d6.} Kf6 45. d6 {[%emt 0:00:07] Weighted Error Value: White=0.10 (very precise) /Black=0.34} 1-0

[Event "ITT 1st Parada Jamundi 2022"]
[Site "Jamundi Valle"]
[Date "2022.12.07"]
[Round "4.10"]
[White "Lopez Rayo, Santiago"]
[Black "Londono Lopez, Donaldo"]
[Result "1-0"]
[ECO "B96"]
[WhiteElo "2300"]
[BlackElo "2055"]
[Annotator "TA"]
[PlyCount "53"]
[EventDate "2022.12.05"]
[EventType "swiss"]
[EventCountry "COL"]
[SourceTitle "playchess.com"]
[Source "ChessBase"]
[SourceQuality "1"]
[TimeControl "5400+30"]

1. e4 c5 2. Nf3 d6 3. d4 cxd4 4. Nxd4 Nf6 5. Nc3 a6 6. Bg5 e6 7. f4 Nc6 8. Nxc6 bxc6 9. e5 h6 10. Bh4 g5 11. fxg5 Nd5 12. Ne4 Qb6 13. Bd3 {[%emt 0:17:41] Strongly threatening g6. Active counter play!} (13. Nxd6+ $2 Bxd6 14. exd6 Qb4+ 15. Qd2 Qxh4+ 16. Kd1 Qxg5 17. Qxg5 hxg5 $19) 13... hxg5 {[%emt 0:00:19] B96: Sicilian Najdorf: 6 Bg5 e6 7 f4, lines other than 7...Qb6 and 7...Be7.} (13... Qxb2 $2 14. g6 (14. exd6 hxg5 15. Rb1 Qg7 $15) (14. Nxd6+ $2 Bxd6 15. exd6 Qc3+ 16. Kf2 Qd4+ 17. Ke1 Qe5+ 18. Kf2 Qd4+ 19. Ke1 Qxh4+ $19) 14... Qb4+ 15. c3 Nxc3 16. gxf7+ Kd7 17. Qd2 $18) 14. Bxg5 {[%emt 0:01:30] Qf3 is the strong threat.} (14. Bf2 Qxb2 15. Nxd6+ Bxd6 16. exd6 Qe5+ 17. Kf1 Ne3+ 18. Bxe3 Qxe3 $17) 14... Qxb2 15. O-O (15. exd6 f5 16. Be2 (16. Rb1 $2 Qe5 $19) 16... Qe5 17. d7+ Kxd7 $17) (15. Nxd6+ $2 Bxd6 16. exd6 Qe5+ 17. Be2 Rg8 $19) (15. Nf6+ $1 $14 Nxf6 16. Bxf6 Qc3+ 17. Kf1) 15... Qxe5 $15 {[%emt 0:00:51] Black is slightly better.} 16. h3 (16. Qf3 $15 f5 17. Nf6+ Nxf6 18. Bxf6 Qxh2+ 19. Kf2) 16... f5 17. Qf3 Ra7 {[%emt 0:07:50] [#] Prevents c4.} (17... fxe4 $2 18. Qf7#) (17... Be7 $142 18. Bxe7 Kxe7) 18. Nf6+ $146 ({Predecessor:} 18. Nf2 Qg7 19. Bd2 e5 20. c4 Be6 21. Rab1 e4 22. Rb8+ Ke7 23. Bxe4 fxe4 24. Nxe4 Qd4+ 25. Kh1 Qxc4 26. Bg5+ Kd7 27. Rxf8 Rxf8 28. Qxf8 Qxe4 29. Qd8# {1-0 (29) Yoos,J (2424)-Ferguson,J (2237) Victoria 2001}) 18... Nxf6 $19 19. Qxc6+ Bd7 $1 20. Qb6 {[%emt 0:00:01] [#] Against Qd4+} Ra8 (20... Rxh3 $1 $19 21. Bf4 {[#]} (21. Qxa7 $2 {too greedy.} Qh2+ 22. Kf2 Qg3+ 23. Kg1 Qh2+ 24. Kf2 Qg3+ 25. Kg1 Qxg5 $19) (21. gxh3 $2 Qg3+ 22. Kh1 Qxh3+ 23. Kg1 Qg3+ 24. Kh1 Qxg5 $19) 21... Rb7 $3 22. Bxe5 Rxb6 23. Bxf6 Rg3) 21. Rae1 $15 Nd5 (21... Ne4 $15 22. Bxe4 fxe4) 22. Qb7 $1 $14 Qd4+ 23. Kh1 {[%emt 0:00:48][%cal Od3f5] Bxf5! would kill now. Chess con chili.} Rc8 $2 {[%emt 0:03:11][%mdl 8192] This costs Black the game.} (23... Ra7 $14 24. Bxf5 Be7 25. Bg6+ (25. Qb8+ Kf7 $17) 25... Kd8 26. Qb8+ Bc8 27. Qxd6+ Rd7) 24. Bxf5 $18 {[%emt 0:16:41][%cal Rf5g6] White is clearly winning.} Be7 25. Bxe6 (25. Rxe6 $142 O-O 26. Qxd7) 25... Bxe6 26. Rxe6 Rc7 {[%emt 0:03:03] [#]} 27. Qxc7 $3 {[%emt 0:00:00][%mdl 576] Weighted Error Value: White=0.32/Black=0.36} 1-0

[Event "ITT 1st Parada Jamundi 2022"]
[Site "Jamundi Valle"]
[Date "2022.12.07"]
[Round "4.11"]
[White "Argote Heredia, Valentina"]
[Black "Lopez Rayo, Isabella"]
[Result "1-0"]
[ECO "B22"]
[WhiteElo "2140"]
[BlackElo "1898"]
[Annotator "TA"]
[PlyCount "73"]
[EventDate "2022.12.05"]
[EventType "swiss"]
[EventCountry "COL"]
[SourceTitle "playchess.com"]
[Source "ChessBase"]
[SourceQuality "1"]
[TimeControl "5400+30"]

1. e4 c5 2. c3 d5 3. exd5 Qxd5 4. d4 Nc6 5. Nf3 Bf5 6. Na3 {[%emt 0:02:51] B22: Sicilian: 2 c3.} O-O-O (6... cxd4 $11 {remains equal.} 7. Nxd4 Nxd4 8. Qxd4 Qxd4 9. cxd4 a6) 7. Be3 (7. Bc4 $16 Qe4+ 8. Be2) 7... e6 (7... cxd4 $1 $11 8. Nxd4 e6) 8. Bc4 $16 {[%emt 0:12:12] White is better.} Qe4 9. O-O {[%emt 0:00:18] [#] Ng5 is the strong threat.} h6 $146 {[%emt 0:04:56] Prevents Ng5.} (9... cxd4 $16 10. cxd4 (10. Nxd4 Bxa3 11. bxa3 e5 $15) 10... Bg4) ({Predecessor:} 9... cxd4 10. cxd4 Bxa3 11. bxa3 Qc2 12. Qxc2 Bxc2 13. Rac1 Be4 14. Ng5 Bg6 15. Bb5 Nge7 {0-1 (36) Sahin,O (2146)-Posedaru,B (2327) Palic 2016}) 10. Qa4 $18 Nf6 (10... Nge7 $142 11. dxc5 Bh3) 11. Rfe1 Bd6 (11... Nd7 {was necessary.} 12. Bg5 Qxf3) 12. dxc5 Bb8 13. Bg5 $2 Qg4 (13... hxg5 $16 {is more resistant.} 14. Rxe4 Bxe4) 14. h3 Qh5 {[%emt 0:00:23] [#]} 15. Ba6 $1 Ne7 {[%emt 0:14:50] [#]} (15... Kd7 16. Bxf6) 16. c6 $1 Rd5 17. Bxb7+ Kd8 18. Bxf6 gxf6 19. c7+ Bxc7 20. Bxd5 Nxd5 21. Qxa7 Bxh3 22. Qa8+ Ke7 {[%emt 0:00:26] ( -> ...Bxg2)} 23. Qxh8 {[%emt 0:00:41] And now Nb5 would win.} Qg4 {[%emt 0:03:50][%csl Gh3][%cal Rg4g2] [#]} 24. Rxe6+ $3 fxe6 25. Ne1 (25. Qxh6 $2 Qxg2#) 25... Bxg2 $2 (25... Nf4 26. Qh7+ (26. Qxh6 $2 Bxg2 $19) 26... Kf8 27. Qxc7 Bxg2 28. Qxf4 Qxf4) 26. Nxg2 ({Don't take} 26. Qh7+ Kf8 27. Nxg2 Qh5) 26... Nf4 27. Qa8 h5 (27... Nh3+ $142 28. Kf1 (28. Kh1 Nxf2+ 29. Kg1 Qe2 $11) 28... Qf5) 28. Qb7 Kd8 29. Nb5 Nh3+ 30. Kf1 Qc4+ 31. Ke1 Be5 32. Rd1+ {[%emt 0:00:37] White mates.} Ke8 33. Qd7+ Kf8 34. Qd8+ Kg7 35. Rd7+ Kg6 36. Qg8+ Kf5 37. Ne3+ {[%emt 0:00:51] Black got outplayed after the opening.   Weighted Error Value: White=0.76/Black=0.92} 1-0

[Event "ITT 1st Parada Jamundi 2022"]
[Site "Jamundi Valle"]
[Date "2022.12.07"]
[Round "4.12"]
[White "Pazos Gambarrotti, Plinio"]
[Black "Valdes Martinez, Miguel A."]
[Result "0-1"]
[ECO "A90"]
[WhiteElo "2083"]
[BlackElo "2104"]
[Annotator "NA RC"]
[PlyCount "114"]
[EventDate "2022.12.05"]
[EventType "swiss"]
[EventCountry "COL"]
[SourceTitle "playchess.com"]
[Source "ChessBase"]
[SourceQuality "1"]
[TimeControl "5400+30"]

1. d4 d5 2. c4 c6 3. Nf3 e6 4. g3 f5 5. Bg2 Nf6 6. O-O Bd6 7. Bg5 h6 8. Bf4 O-O 9. Bxd6 Qxd6 10. Ne5 Nbd7 11. Nxd7 Bxd7 12. Nd2 Be8 13. Qc2 Bh5 14. Nf3 Bxf3 15. Bxf3 Ne4 16. e3 Qb4 17. Rfc1 Qe7 18. Bg2 h5 19. Qe2 h4 20. Qh5 hxg3 21. hxg3 Rf6 22. Rc2 Rh6 23. Qf3 dxc4 24. Qf4 Nd6 25. e4 fxe4 26. Bxe4 Rf8 27. Qe3 Nxe4 28. Qxe4 Qg5 29. Re1 Qh5 30. Qg2 Qa5 31. Qf1 Qd5 32. Qg2 Qa5 33. Qf1 Qf5 34. Rce2 Qd5 35. Qg2 Qxd4 36. Qe4 Qd5 37. Rc2 Qh5 38. Qg2 b5 39. b3 cxb3 40. axb3 Qd5 41. Rxc6 Qxb3 42. Ra6 Rhf6 43. Rf1 R6f7 44. Qe4 Qd5 45. Qe3 Rf6 46. Rxa7 Rh6 47. f3 Qh5 48. Kf2 Rxf3+ 49. Qxf3 Qc5+ 50. Qe3 Rh2+ 51. Kf3 Qh5+ 52. g4 Rh3+ 53. Kf2 Qh4+ 54. Ke2 Rxe3+ 55. Kxe3 Qg3+ 56. Kd2 Qg2+ 57. Ke1 Qe4+ 0-1